 Dungeon Crawl Stone Soup version 0.30-a0-778-g2ef04afb54 (webtiles) character file.

Game seed: 4956258388427790018

133 sircluck the Covert (level 4, 0/21 HPs)
             Began as a Felid Delver on Feb 15, 2023.
             Slain by a kobold
             ... wielding a +0 club
              (2 damage)
             ... on level 5 of the Dungeon.
             The game lasted 00:01:10 (201 turns).

sircluck the Covert (Felid Delver)                   Turns: 201, Time: 00:01:10

Health: 0/21       AC:  1    Str:  8    XL:     4   Next: 93%
Magic:  5/5        EV: 18    Int: 11    God:
Gold:   79         SH:  0    Dex: 19    Spells: 3/3 levels left
                                        Lives:  0   Deaths: 1

rFire   . . .      SeeInvis +      - Unarmed
rCold   . . .      Faith    .    (shield unavailable)
rNeg    . . .      Spirit   .    (body armour unavailable)
rPois   .          Reflect  .    (helmet unavailable)
rElec   .          Harm     .    (cloak unavailable)
rCorr   .          Rampage  .    (gloves unavailable)
Will    .....                    (boots unavailable)
Stlth   ++++                     (no amulet)
HPRegen 0.23/turn                (no ring)
MPRegen 0.09/turn                (no ring)

@: weakened, quick
A: very small, claws 1, fangs 3, see invisible, speed 1, shaggy fur 1, stealthy
paws, no weapons or thrown items, no armour, multi-lived
a: no special abilities


You were on level 5 of the Dungeon.
You visited 1 branch of the dungeon, and saw 1 of its levels.

You collected 79 gold pieces.

Inventory:

Hand Weapons
 i - the +10 scimitar of Embarrassment {protect, Str+3}
   (You found it on level 5 of the Dungeon)

   Str:       It affects your strength (+3).
Wands
 e - a wand of digging (3)
Scrolls
 a - a scroll of fog
 b - a scroll of magic mapping
 c - a scroll of fear
 f - a scroll of teleportation {unknown}
 g - a scroll of acquirement {unknown}
 h - a scroll of noise {unknown}
 j - a scroll of enchant armour {unknown}
Potions
 d - a potion of haste


   Skills:
 + Level 3.6 Fighting
 + Level 3.0 Dodging
 + Level 9.4 Stealth
 + Level 2.4 Unarmed Combat


You had 3 spell levels left.
You didn't know any spells.
Your spell library contained the following spells:

 Spells                   Type           Power      Damage    Failure   Level
 Summon Small Mammal      Summ           0%         N/A       34%         1
 Call Canine Familiar     Summ           0%         N/A       71%         3
 Summon Guardian Golem    Hex/Summ       0%         N/A       71%         3


Dungeon Overview and Level Annotations

Branches:
Dungeon (5/15)
 Temple: D:4-7

Altars:
Ashenzari


Innate Abilities, Weirdness & Mutations

You have sharp claws.
You have razor-sharp teeth.
You have supernaturally acute eyesight. (SInv)
You cover ground quickly. (Speed+)
You are covered in fur. (AC +1)
Your paws help you pounce on unaware monsters.
You are incapable of wielding weapons or throwing items.
You cannot wear armour.
You gain extra lives every three experience levels.


Message History

The kobold throws a stone.
The stone hits you.
You scratch the kobold brigand.
The kobold brigand is lightly wounded.
A gnoll comes into view. It is wielding a +0 flail.
The kobold throws a stone.
The stone completely misses you.
The kobold brigand hits you with a +0 short sword.
You closely miss the kobold brigand.
The kobold brigand is lightly wounded.
An adder comes into view.
The kobold brigand barely misses you.
A gnoll comes into view. It is wielding a +0 club.
A gnoll bouda comes into view. It is wielding a +0 whip.
You barely miss the kobold brigand.
The kobold brigand is lightly wounded.
The kobold brigand hits you with a +0 short sword.
The kobold misses you.
The adder hisses angrily.
You scratch the kobold brigand.
The kobold brigand is moderately wounded.
A gnoll comes into view. It is wielding a +0 club.
The kobold brigand misses you. The kobold closely misses you.
The gnoll shouts!
You claw the kobold brigand!
The kobold brigand is heavily wounded.
The kobold brigand barely misses you. The kobold completely misses you.
A gnoll comes into view. It is wielding a +0 flail.
You scratch the kobold brigand.
The kobold brigand is heavily wounded.
The kobold brigand completely misses you.
The kobold hits you with a +0 dagger. The kobold misses you.
The gnoll bouda gazes fiercely through you!
You feel your attacks grow feeble.
You scratch the kobold brigand.
The kobold brigand is heavily wounded.
The kobold brigand hits you with a +0 short sword!
* * * LOW HITPOINT WARNING * * *
The kobold hits you with a +0 dagger.
* * * LOW HITPOINT WARNING * * *
The kobold hits you with a +0 club.
You die...

.....#. .......
......g #......
#....gS #...gg
##...gK#####
.....gK@...#
......K$...#
......#...†.###
......#...?...##
.......#.......#
......##..##...#
.........##
#....
..........# ..[.
# ......)..##
...


You could see a kobold brigand, a gnoll bouda, 5 gnolls, an adder and 2 kobolds.

Vanquished Creatures
  An ice beast (D:5)
  2 howler monkeys (D:5)
  3 gnolls (D:5)
  A kobold (D:5)
7 creatures vanquished.

Notes
Turn   | Place    | Note
-------+----------+-------------------------------------------
     0 | D:5      | sircluck the Felid Delver began the quest for the Orb.
     0 | D:5      | Reached XP level 1. HP: 10/10 MP: 2/2
    47 | D:5      | Noticed a howler monkey
    56 | D:5      | Killed a howler monkey
    57 | D:5      | Reached skill level 7 in Stealth
    57 | D:5      | Reached XP level 2. HP: 14/14 MP: 3/3
    57 | D:5      | Reached XP level 3. HP: 17/17 MP: 4/4
    70 | D:5      | Identified the +10 scimitar of Embarrassment {protect,
                  | Str+3}
    90 | D:5      | Found a broken altar of Ashenzari.
   121 | D:5      | Noticed an ice beast
   125 | D:5      | Killed an ice beast
   126 | D:5      | Reached skill level 8 in Stealth
   126 | D:5      | Reached XP level 4. HP: 21/21 MP: 5/5
   132 | D:5      | Slain by an orc
   133 | D:5      | Reached XP level 3. HP: 0/17 MP: 4/4
   153 | D:5      | Reached skill level 9 in Stealth
   153 | D:5      | Reached XP level 4. HP: 21/21 MP: 5/5
   187 | D:5      | Noticed a kobold brigand
   201 | D:5      | Slain by a kobold

Illustrated notes

Levels and vault maps discovered:
D:5:      layout_cave_pools, overflow_temple_1_default,
          minmay_temple_entry_antechambers

Skill      XL: |  1  2  3 |
---------------+----------+-----
Stealth        | 7 9 |  9.4
Dodging        | 3 |  3.0
Fighting       | |  3.6
Unarmed Combat | |  2.4

Action                     |  1- 3 |  4- 6 || total
---------------------------+-------+-------++-------
  Melee: Unarmed           |     3 |    22 ||    25
         Bite              |       |     1 ||     1
   Stab: Sleeping          |     3 |     2 ||     5
  Dodge: Dodged            |       |    19 ||    19

Table legend: (Time is in decaauts)
 A = Elapsed time spent in this place.
 B = Non-inter-level travel time spent in this place.
 C = Inter-level travel time spent in this place.
 D = Time resting spent in this place.
 E = Time spent auto-exploring this place.
 F = Levels seen in this place.
 G = Mean time per level.
                   A        B        C        D        E       F      G
               +--------+--------+--------+--------+--------+-----+--------+
         Total |    169 |    169 |      0 |      0 |     95 |   1 |  169.0 |
       Dungeon |    169 |    169 |      0 |      0 |     95 |   1 |  169.0 |
               +--------+--------+--------+--------+--------+-----+--------+

Top non-repeatable levels by time:
     D:5: 169 daAuts
